[Event "Late-Titled-Tuesday-Blitz-February-27-2024"]
[Site "Chess.com"]
[Date "2024.02.27"]
[Round "1"]
[White "Piotrek1979"]
[Black "ansko1999"]
[Result "1-0"]
[WhiteElo "2445"]
[BlackElo "2732"]
[TimeControl "180+1"]
[EndTime "14:08:02 PST"]
[Termination "Piotrek1979 won by checkmate"]

1. Nf3 b6 2. g3 Bb7 3. Bg2 Nf6 4. b3 g6 5. Bb2 Bg7 6. O-O O-O 7. c4 c5 8. e3 d6 9. d3 Nbd7 10. Nbd2 Qc7 11. Qc2 Rfd8 12. a3 Rac8 13. Rac1 Qb8 14. Qb1 Qa8 15. Rfe1 a6 16. Bc3 Bc6 17. Qb2 b5 18. b4 bxc4 19. dxc4 Rb8 20. Qa1 Nf8 21. Nh4 Bxg2 22. Nxg2 Ne6 23. h4 h5 24. e4 cxb4 25. axb4 Ne8 26. Rb1 Qc6 27. Ne3 Bxc3 28. Qxc3 Nf6 29.
Nd5 Kf8 30. Nxf6 exf6 31. Qxf6 Kg8 32. Rec1 Re8 33. Rc3 Qd7 34. Rd3 Qc7 35. Rd5 Re7 36.
Rb3 Rbe8 37. Rbd3 Rd7 38. e5 Ng7 39. Rxd6 Rxd6 40. Qxd6 Qb7 41. Nf3 Nf5 42. Qc5 Rc8 43. Qd5 Qxb4 44. e6 Rf8 45. Ng5 f6 46. e7+ Rf7 47.
Qxf7+ Kh8 48. Qh7# 1-0

[Event "Late-Titled-Tuesday-Blitz-February-27-2024"]
[Site "Chess.com"]
[Date "2024.02.27"]
[Round "1"]
[White "s-dshubin"]
[Black "ahkashefi2800"]
[Result "1-0"]
[WhiteElo "2349"]
[BlackElo "2617"]
[TimeControl "180+1"]
[EndTime "14:08:02 PST"]
[Termination "s-dshubin won by checkmate"]

1. e4 c6 2. d4 d5 3. Nc3 dxe4 4. Nxe4 Nd7 5. Bd3 Ngf6 6. Ng5 e6 7. N1f3 Bd6 8. Qe2 h6 9. Ne4 Nxe4 10. Qxe4 Qc7 11. Bd2 b6 12. O-O-O Bb7 13. Qe2 O-O-O 14. c4 c5 15. Bc3 Nf6 16. Kb1 cxd4 17. Nxd4 a6 18.
f3 Kb8 19. Nb3 Ka7 20. Bd4 Bc5 21. Nxc5 bxc5 22. Be5 Qb6 23. Be4 Nxe4 24. fxe4 f6 25. Bc3 e5 26. Qg4 Qc7 27. Kc1 Bc8 28. Qg3 Be6 29.
b3 Kb7 30. Qe3 Kc6 31. Kb2 Rxd1 32. Rxd1 Rd8 33. Rxd8 Qxd8 34. Qd2 Qxd2+ 35. Bxd2 Kd6 36. Kc3 Bg4 37. Kd3 Bd1 38. b4 Ba4 39. a3 Bc6 40.
Be3 cxb4 41. axb4 Ke6 42. Bc5 h5 43. g3 g5 44. Ke3 g4 45. Bf8 Ba4 46. c5 Bb5 47.
Bd6 Bc6 48. Bc7 f5 49. exf5+ Kxf5 50. Bd6 Ke6 51. Bc7 Kd5 52. Bd6 e4 53. Bc7 Bb7 54. Bb6 Bc6 55. Bc7 Kc4 56. Ba5 Kc3 57. b5+ Kc4 58.
bxc6 Kb5 59. c7 Kc6 60. c8=Q+ Kb5 61. Qb7+ Kc4 62. Qb4+ Kd5 63. Qd4+ Kc6 64. Qd6+ Kb5 65. c6 h4 66. gxh4 g3 67. hxg3 Kc4 68. c7 Kb3 69.
c8=Q Ka4 70. Qc4+ Kxa5 71. Qdb4# 1-0

[Event "Late-Titled-Tuesday-Blitz-February-27-2024"]
[Site "Chess.com"]
[Date "2024.02.27"]
[Round "1"]
[White "Truequitos"]
[Black "MajorCoast"]
[Result "0-1"]
[WhiteElo "2561"]
[BlackElo "2226"]
[TimeControl "180+1"]
[EndTime "14:08:02 PST"]
[Termination "MajorCoast won by resignation"]

1. e4 c5 2. Nc3 a6 3. g3 b5 4. Bg2 Bb7 5. d3 e6 6. Be3 Nf6 7. h3 Qc7 8. Nge2 Be7 9. O-O Nc6 10. f4 d6 11. Qd2 Rd8 12. g4 d5 13. exd5 Nxd5 14. Nxd5 exd5 15. d4 O-O 16. c3 b4 17.
f5 bxc3 18. bxc3 cxd4 19. cxd4 Rfe8 20. f6 Bb4 21. Qc1 Qd7 22. Nf4 Na5 23. fxg7 Rc8 24. Qb1 Bc3 25. Nh5 Rc6 26. Bf4 Bxd4+ 27. Kh1 Bxa1 28. Qxa1 Nc4 29. Nf6+ Rxf6 30. Qxf6 Qe6 31. Qd4 Nd6 32. Rb1 Bc6 33. Rb6 Ne4 34. Kh2 Qd7 35. Rb1 Bb5 36. Re1 Qc6 37. Rc1 Qf6 38. Qxf6 Nxf6 39. g5 Ne4 40. Rd1 Bc4 41. Rb1 Nf2 42.
Rb7 Nd3 43. Bd6 Kxg7 44. Kg3 Ne5 45. Kf4 Ng6+ 46. Kf5 Bd3+ 47. Kg4 Be4 48. Bf1 d4 49. Bc5 Bxb7 50. Bxd4+ Kg8 51. Bc4 Ne5+ 52. Kf5 Nxc4 53. Kf6 Nd6 0-1

[Event "Late-Titled-Tuesday-Blitz-February-27-2024"]
[Site "Chess.com"]
[Date "2024.02.27"]
[Round "1"]
[White "chessdjw"]
[Black "semchik73"]
[Result "1-0"]
[WhiteElo "2757"]
[BlackElo "2435"]
[TimeControl "180+1"]
[EndTime "14:08:03 PST"]
[Termination "chessdjw won by checkmate"]

1. d4 d5 2. c4 c6 3. Nf3 Nf6 4. Nc3 dxc4 5. a4 Bf5 6. Ne5 Nbd7 7. Nxc4 Qc7 8. g3 e5 9. dxe5 Nxe5 10. Bf4 Rd8 11.
Qc1 Bd6 12. Nxd6+ Qxd6 13. Bg2 O-O 14. O-O Qc5 15. b4 Qe7 16. Qe3 Nfg4 17. Qc5 Qxc5 18. bxc5 Rfe8 19. h3 Nf6 20. e4 Bc8 21. Rfd1 Nd3 22.
Bd6 Nb4 23. Rab1 Na6 24. e5 Nd7 25. Ne4 h6 26. f4 Nf8 27. g4 Ne6 28. f5 Nf4 29. Bf1 Nd5 30. Bxa6 bxa6 31. Rb8 Bd7 32. Rxd8 Rxd8 33. Rb1 Nf4 34. Kh2 Nd5 35. Rb7 g6 36. Ng3 Ne3 37. Be7 Bc8 38. Rb8 Re8 39. f6 Nc4 40.
Ne4 Nxe5 41. Nd6 Nd7 42. Rxc8 Rxc8 43. Nxc8 a5 44. Nxa7 Ne5 45. Bd6 Nc4 46. Nxc6 Kh7 47. Be7 h5 48. Kg3 h4+ 49. Kxh4 Kh6 50. g5+ Kh7 51.
Kg3 Kg8 52. h4 Nd2 53. Nxa5 Nc4 54. c6 Nxa5 55. c7 Nb3 56. c8=Q+ Kh7 57. Qf8 Nd4 58. Qg7# 1-0

[Event "Late-Titled-Tuesday-Blitz-February-27-2024"]
[Site "Chess.com"]
[Date "2024.02.27"]
[Round "1"]
[White "ChessLebaneseSalah"]
[Black "MyDream003"]
[Result "1-0"]
[WhiteElo "2434"]
[BlackElo "2713"]
[TimeControl "180+1"]
[EndTime "14:08:03 PST"]
[Termination "ChessLebaneseSalah won on time"]

1. e4 c5 2. Nf3 d6 3. d4 cxd4 4. Nxd4 Nf6 5. Nc3 a6 6. f3 g6 7. Be3 Bg7 8. Qd2 h5 9. O-O-O Nbd7 10. Kb1 b5 11. a3 Bb7 12. Bd3 Rb8 13. f4 Qc7 14. f5 gxf5 15. Nxf5 Bf8 16. Bf4 Ba8 17.
Rhe1 e5 18. Bg5 b4 19. axb4 Rxb4 20. Nd5 Nxd5 21. exd5 Rg4 22. h3 Ra4 23. Re4 Rxe4 24. Bxe4 Nc5 25. Qe2 Qd7 26. b4 Nxe4 27. Qxe4 Rg8 28.
h4 Qb5 29. Rd3 Bb7 30. Ne3 Qd7 31. Rc3 Rg6 32. Nf5 Qb5 33. Ne3 Qd7 34. g3 Be7 35.
Bxe7 Kxe7 36. Nf5+ Kf8 37. Qf3 Qb5 38. Qxh5 Qxd5 39. Qh8+ Rg8 40. Qxg8+ Kxg8 41. Ne7+ Kg7 42. Nxd5 Bxd5 43. Rd3 Bc4 44. Rxd6 f5 45. Kc1 Kf7 46. Kd2 Ke7 47. Rc6 Bb5 48. Rc5 Kd6 49. h5 Be8 50. h6 Bg6 51. Ra5 Ke6 52. Rxa6+ Kf7 53. b5 Bh7 54. b6 Kg6 55. b7+ Kg5 56. b8=Q Bg6 57. Qxe5 1-0

[Event "Late-Titled-Tuesday-Blitz-February-27-2024"]
[Site "Chess.com"]
[Date "2024.02.27"]
[Round "1"]
[White "joksijoksi"]
[Black "TigrVShlyape"]
[Result "0-1"]
[WhiteElo "2485"]
[BlackElo "2904"]
[TimeControl "180+1"]
[EndTime "14:08:08 PST"]
[Termination "TigrVShlyape won by checkmate"]

1. d4 f5 2. Nf3 Nf6 3. c4 g6 4. Nc3 Bg7 5. g3 d6 6. Bg2 O-O 7.
O-O c6 8. Qc2 Na6 9. Rd1 Qc7 10.
a3 e5 11. dxe5 dxe5 12. b4 e4 13. Nd4 Qf7 14. c5 Nc7 15. Bb2 Re8 16. a4 Ng4 17.
e3 Ne5 18. b5 Ne6 19. Qb3 Nxc5 20. Qxf7+ Kxf7 21. Ba3 Ncd3 22. bxc6 bxc6 23. Bf1 Bd7 24. Rab1 Bf8 25. Bxf8 Kxf8 26. Nde2 c5 27. Nf4 c4 28.
Kg2 Rab8 29. Nfd5 Kf7 30. Nc7 Rec8 31. N7b5 Bxb5 32. axb5 Rb7 33. Ra1 g5 34. Ra6 Rd8 35.
Rda1 Rdd7 36. Be2 Kg7 37. h4 g4 38. h5 h6 39. Rc6 Rbc7 40. Re6 Re7 41. Rd6 Rcd7 42.
Rda6 Nc5 43. R6a5 Nb3 44. R5a3 Nxa1 45. Rxa1 Re6 46. Ra5 Kf6 47. Ra4 Red6 48. Bxc4 Nf3 49. Bf1 Rd2 50. Ne2 Rb2 51. Ra6+ Kg7 52. Nf4 Rb1 53.
Ne6+ Kg8 54. Nf4 Rdd1 55. Rg6+ Kf7 56. Rxh6 Rxf1 57. Ne2 Rg1+ 58. Nxg1 Rxg1# 0-1

[Event "Late-Titled-Tuesday-Blitz-February-27-2024"]
[Site "Chess.com"]
[Date "2024.02.27"]
[Round "1"]
[White "AjedrezenMadrid"]
[Black "DonkyDonkyDonkey"]
[Result "1-0"]
[WhiteElo "2508"]
[BlackElo "2901"]
[TimeControl "180+1"]
[EndTime "14:08:12 PST"]
[Termination "AjedrezenMadrid won by checkmate"]

1. Nf3 d5 2. b3 Nf6 3. Bb2 g6 4. c4 dxc4 5. bxc4 Bg7 6. g3 O-O 7. Bg2 c5 8. O-O Nc6 9. Ne5 Nd4 10. e3 Nf5 11. Qe2 Qc7 12. Nd3 Rd8 13. Nc3 Nd6 14.
Nf4 e6 15. Rac1 Rb8 16. h4 a6 17. h5 b5 18. cxb5 axb5 19. d3 g5 20. h6 Bxh6 21. Nh5 Nde8 22. Ne4 Nxe4 23. dxe4 e5 24. f4 f6 25.
Nxf6+ Nxf6 26. Bxe5 Qb6 27. Bxb8 Qxb8 28. e5 Bg4 29.
Qc2 Nh5 30. Qxc5 Nxg3 31. Bd5+ Kh8 32. Rfd1 Rc8 33. Qe7 Ne2+ 34. Kf2 Nxc1 35. Be4 Bg7 36. Rh1 h5 37. Qf7 Qb6 38. e6 Qxe6 39. Rxh5+ Bxh5 40. Qxe6 Rf8 41. Qh3 Rd8 42. Qxh5+ Kg8 43. Qxg5 Rd2+ 44.
Kg3 Ne2+ 45. Kh4 Nc3 46. Qg6 Kf8 47. Kh3 Re2 48. Bf5 Rxe3+ 49. Kg2 Nd5 50. Kf2 Re2+ 51. Kf1 Rd2 52. Qd6+ Ke8 53. Bg6# 1-0

[Event "Late-Titled-Tuesday-Blitz-February-27-2024"]
[Site "Chess.com"]
[Date "2024.02.27"]
[Round "1"]
[White "GianmarcoVaR"]
[Black "laskakid"]
[Result "1-0"]
[WhiteElo "2707"]
[BlackElo "2404"]
[TimeControl "180+1"]
[EndTime "14:08:12 PST"]
[Termination "GianmarcoVaR won on time"]

1. e4 e5 2. Nf3 Nf6 3. Nxe5 Nxe4 4. Qe2 Qe7 5. Qxe4 d6 6. f4 dxe5 7. fxe5 Nc6 8. d4 f5 9. Qe3 Qh4+ 10. g3 Qxd4 11.
Bg2 Qxe3+ 12. Bxe3 Nxe5 13. Nc3 Bb4 14. O-O-O Bxc3 15. bxc3 O-O 16. Bf4 Ng4 17. Rhe1 c6 18. Re7 Nf2 19.
Rd6 Ne4 20. Bxe4 fxe4 21. Be5 Rf1+ 22. Kd2 Kf8 23. Rxg7 Bf5 24. Rf6+ Ke8 25. Bd6 Bh3 26. Re7+ Kd8 27. Rxf1 Bxf1 28. Rxh7 Rc8 29. Ke3 c5 30. Rh8+ Kd7 31. Rxc8 Kxc8 32. Bxc5 a6 33. Kxe4 Kd7 34. Kf5 Bh3+ 35. Ke5 Kc6 36. Be3 Kd7 37. c4 Bg4 38. c3 Bh3 39. a3 Ke7 40. a4 Kf7 41. c5 Bg2 42. h4 Bf3 43. Kf4 Bc6 44. a5 Kg6 45. g4 Bd7 46. h5+ Kh6 47. Ke5+ Kg7 48. Kf4 Be6 49. g5 Bd5 50. g6 1-0

[Event "Late-Titled-Tuesday-Blitz-February-27-2024"]
[Site "Chess.com"]
[Date "2024.02.27"]
[Round "1"]
[White "Pingah9"]
[Black "protectiago"]
[Result "1-0"]
[WhiteElo "2543"]
[BlackElo "2094"]
[TimeControl "180+1"]
[EndTime "14:08:13 PST"]
[Termination "Pingah9 won on time"]

1. e4 e5 2. Nf3 Nc6 3. Bb5 a6 4. Ba4 Nf6 5. O-O Nxe4 6. Re1 Nc5 7. Bxc6 dxc6 8. Nxe5 Be6 9. d4 Nd7 10. Nd3 Be7 11. Nc3 Nf6 12. Be3 O-O 13. Nf4 Bf5 14. Qd2 Bb4 15. a3 Ne4 16. Qd3 Nd6 17. Qe2 Bxc3 18. bxc3 Ne4 19. Qc4 Bg6 20. Nxg6 hxg6 21. Bf4 Nd6 22. Qd3 Re8 23. h3 Qd7 24. Be5 Re6 25. Rab1 b6 26. Bg3 Rae8 27. Re5 Nf5 28. Bf4 f6 29. Rxe6 Rxe6 30. g4 Ne7 31. c4 Nc8 32. c3 Nd6 33. Qxg6 Re4 34. Bxd6 Re2 35. Bg3 Qe6 36. Qf5 Qxc4 37. Rf1 Ra2 38. Qc8+ Kh7 39.
Qxc7 Rxa3 40. Qxb6 Rxc3 41. Qc7 Qxd4 42. Qf4 Qxf4 43.
Bxf4 Rxh3 44. f3 Kg6 45. Kg2 Rh8 46. Rc1 Rc8 47. Be3 Kf7 48. Bc5 Ke6 49. Rd1 a5 50. f4 Kf7 51. f5 g6 52. Rd7+ Ke8 53. Ra7 gxf5 54. gxf5 Rb8 55. Kf3 Rb3+ 56. Ke4 Rb5 57. Bd6 a4 58. Re7+ Kd8 59. Ra7 1-0

[Event "Late-Titled-Tuesday-Blitz-February-27-2024"]
[Site "Chess.com"]
[Date "2024.02.27"]
[Round "1"]
[White "Orion2127989"]
[Black "Bilan_Danila"]
[Result "0-1"]
[WhiteElo "2152"]
[BlackElo "2556"]
[TimeControl "180+1"]
[EndTime "14:08:14 PST"]
[Termination "Bilan_Danila won by resignation"]

1. d4 d5 2. Nf3 Nf6 3. c4 c6 4.
Nc3 e6 5. cxd5 exd5 6. Bg5 Be7 7. Qc2 g6 8. e3 Bf5 9. Bd3 Bxd3 10. Qxd3 O-O 11.
O-O Nbd7 12. Rab1 a5 13. a3 Ne4 14. Bh6 Re8 15. Rfc1 Bd6 16. Qc2 Ndf6 17. Bf4 Bxf4 18. exf4 Qd6 19. g3 Nd7 20. b4 axb4 21. axb4 Kg7 22. Ne5 Nxc3 23. Qxc3 Nb6 24. b5 Na4 25. Qb3 f6 26. Nf3 Reb8 27. Ra1 Nb6 28. Rxa8 Nxa8 29. Qa4 Nb6 30. Qa7 Nd7 31. bxc6 bxc6 32. Re1 Rc8 33. Qa5 Kf7 34. Qd2 Re8 35. Rxe8 Kxe8 36. Qe3+ Kf7 37.
Nd2 Nb6 38. h4 Nd7 39. Qf3 Qe6 40. Kg2 Nb6 41. h5 Nc4 42. hxg6+ hxg6 43. Nf1 f5 44. Ne3 Nd2 45. Qe2 Qe4+ 46. f3 Qxd4 47. Nf1 Nc4 48.
Qa2 Qb2+ 49. Qxb2 Nxb2 50. Ne3 Ke6 51. g4 d4 52. gxf5+ gxf5 53. Nd1 Nxd1 0-1

[Event "Late-Titled-Tuesday-Blitz-February-27-2024"]
[Site "Chess.com"]
[Date "2024.02.27"]
[Round "1"]
[White "Genghis_K"]
[Black "SHIVACalypso"]
[Result "1-0"]
[WhiteElo "2925"]
[BlackElo "2497"]
[TimeControl "180+1"]
[EndTime "14:08:16 PST"]
[Termination "Genghis_K won by resignation"]

1. e4 e6 2. d4 d5 3. Nc3 Nf6 4. Bg5 Be7 5. e5 Nfd7 6. Bxe7 Qxe7 7. f4 a6 8. Qg4 O-O 9. Nf3 c5 10. Bd3 f5 11. exf6 Nxf6 12. Qh4 Nc6 13. dxc5 e5 14.
fxe5 Nxe5 15. Nxe5 Qxe5+ 16. Kd2 d4 17. Ne4 Nxe4+ 18. Bxe4 Bf5 19. Rae1 Qxc5 20. Bxf5 Rxf5 21. Qe4 Raf8 22. Kc1 Rf2 23. Kb1 R8f4 24. Qe6+ Kh8 25. Qb3 Rf8 26. Rhg1 h6 27. a3 b5 28. Qd3 Rc8 29.
Rc1 Re8 30. Rge1 Rc8 31. Re2 Rxe2 32. Qxe2 Qd5 33. Rd1 a5 34. g3 b4 35. a4 b3 36. c3 Qf5+ 37. Qd3 Qxd3+ 38. Rxd3 dxc3 39. Rxc3 Rb8 40. Rc5 Rf8 41. Kc1 Rf2 42. Rxa5 Rc2+ 43. Kb1 Rxh2 44. Rc5 Rg2 45. a5 Rg1+ 46. Rc1 Rxg3 47. a6 Rg6 48. a7 Ra6 49. Rc8+ Kh7 50. a8=Q Rxa8 51. Rxa8 h5 52. Ra3 h4 53. Rxb3 g5 54.
Rh3 Kg6 55. b4 Kh5 56. b5 g4 57. Rh1 g3 58. b6 g2 59. Rc1 h3 60. b7 h2 61. b8=Q g1=Q 62. Qh8+ Kg4 63. Qg7+ Kf3 64. Rxg1 hxg1=Q+ 65.
Qxg1 1-0

[Event "Late-Titled-Tuesday-Blitz-February-27-2024"]
[Site "Chess.com"]
[Date "2024.02.27"]
[Round "1"]
[White "AryanTari"]
[Black "dosto07"]
[Result "1-0"]
[WhiteElo "2944"]
[BlackElo "2503"]
[TimeControl "180+1"]
[EndTime "14:08:21 PST"]
[Termination "AryanTari won by resignation"]

1. d4 d5 2. Bf4 Nf6 3. e3 c5 4.
dxc5 Nc6 5. Bb5 Qa5+ 6. Nc3 e6 7. Qd4 Bd7 8. Bxc6 Bxc6 9. b4 Qa3 10. Bd6 Bxd6 11.
cxd6 Qb2 12. Nb5 Qxd4 13. Nxd4 Kd7 14. b5 Kxd6 15. bxc6 bxc6 16. Ngf3 Rab8 17. Ke2 Rb2 18. Rhb1 Rhb8 19. Rxb2 Rxb2 20. Ne1 c5 21. Nd3 Rb6 22. Nf3 Ne4 23. Nd2 Nc3+ 24. Kf3 c4 25. Nf4 Rb2 26.
Ne2 Rxc2 27. Nxc3 Rxc3 28. Rb1 Kc6 29. Rb8 Ra3 30. Rf8 Rxa2 31. Nf1 a5 32. Rxf7 c3 33. Rf8 Kb5 34. Rc8 Kb4 35. Ng3 c2 36. Ne2 Kb3 37.
Nd4+ Kb4 38. Nxc2+ Kb3 39. Nd4+ Kb4 40. Nxe6 a4 41.
Nd4 a3 42. Rb8+ Kc4 43. Ra8 Ra1 44. g4 a2 45. Nc2 Rh1 46. Rxa2 Rxh2 47. Ra7 h5 48. gxh5 Rxh5 49. Nd4 Rg5 50. Rf7 Kd3 51. Ne6 Rg1 52. Nf4+ Kc4 53. Rc7+ Kb5 54. Nxd5 g5 55.
Nf6 g4+ 56. Nxg4 Kb6 57. Rc2 Ra1 58. e4 Ra3+ 59. Ne3 Ra8 60. e5 Rf8+ 61. Ke4 Kb5 62.
f4 Kb4 63. f5 Kb3 64. e6 Rh8 65. Rc7 Rh4+ 66. Ke5 1-0

[Event "Late-Titled-Tuesday-Blitz-February-27-2024"]
[Site "Chess.com"]
[Date "2024.02.27"]
[Round "1"]
[White "kripri"]
[Black "BabageldiAnnaberdiyev"]
[Result "0-1"]
[WhiteElo "2351"]
[BlackElo "2645"]
[TimeControl "180+1"]
[EndTime "14:08:21 PST"]
[Termination "BabageldiAnnaberdiyev won by resignation"]

1. e4 e6 2. d4 d5 3. Nd2 Nf6 4. e5 Nfd7 5. Bd3 c5 6. c3 Nc6 7. Ne2 cxd4 8. cxd4 Qb6 9. Nf3 f6 10. exf6 Nxf6 11. O-O Bd6 12. Bf4 Bxf4 13. Nxf4 O-O 14.
Qd2 Nxd4 15. Nxd4 e5 16. Nfe2 exd4 17. Nxd4 Kh8 18. Qc3 Bd7 19. Nf3 Bg4 20. Ne5 Rac8 21. Qd2 Qd4 22. Nxg4 Nxg4 23. Rad1 Nf6 24. b3 Rcd8 25.
Qg5 Qb2 26. Rd2 Qa3 27. Rfd1 Rc8 28. Re2 Rce8 29. Rxe8 Rxe8 30. Qd2 Qc5 31. Re1 Rf8 32. h3 Qd4 33. Qe2 Ne4 34. Bxe4 dxe4 35. Qe3 Qb2 36. Re2 Qa1+ 37. Kh2 Qe5+ 38. Qg3 Qf5 39. Qd6 h6 40. Rxe4 Qxf2 41. Rg4 Qf6 42. Qc7 Rf7 43. Qc8+ Kh7 44. Qc2+ Qf5 45. Qxf5+ Rxf5 46. Rb4 b5 47. Kg3 a6 48. Rd4 Rc5 49. Rd6 a5 50. Ra6 b4 51.
Ra7 h5 52. Kh2 Kh6 53. Ra6+ Kg5 54. Ra7 g6 55. Ra6 Kf5 56. Kg3 g5 57. Kh2 h4 58.
Ra8 Ke4 59. Ra6 Kd3 60. Ra7 Kc3 61. g4 Kb2 62. Rf7 Kxa2 63. Rf5 Rc2+ 64. Kg1 a4 65.
bxa4 b3 66. Rxg5 b2 67. Rb5 b1=Q+ 68. Rxb1 Kxb1 69. a5 Ra2 70. a6 Rxa6 71. Kg2 Ra3 72. g5 Rg3+ 73. Kh2 Rxg5 0-1

[Event "Late-Titled-Tuesday-Blitz-February-27-2024"]
[Site "Chess.com"]
[Date "2024.02.27"]
[Round "1"]
[White "Yushko_Olga"]
[Black "marcodobrikov"]
[Result "0-1"]
[WhiteElo "2205"]
[BlackElo "2577"]
[TimeControl "180+1"]
[EndTime "14:08:22 PST"]
[Termination "marcodobrikov won by resignation"]

1. d4 Nf6 2. c4 g6 3. Nc3 d5 4. cxd5 Nxd5 5. Bd2 Bg7 6. e4 Nxc3 7. Bxc3 c5 8. Nf3 O-O 9. Be2 Bg4 10. d5 Bxc3+ 11.
bxc3 Qa5 12. Qb3 b6 13. O-O Nd7 14. Rfe1 e5 15. Nd2 Bxe2 16. Rxe2 Qa6 17. Re3 Qc8 18.
Nc4 Qb8 19. a4 Nf6 20. d6 Nd7 21. Qc2 Re8 22. Qd3 Qb7 23. Rd1 Re6 24. Rg3 Qc6 25.
h4 Qxa4 26. h5 Qc6 27. hxg6 hxg6 28. Rh3 Qc8 29. Qg3 Qf8 30. Qg5 a5 31. Rdd3 a4 32.
Ne3 Nf6 33. Rd2 a3 34. Ra2 b5 35. Rf3 Qxd6 36. Qh6 Qf8 37. Qg5 Qg7 38. Qh4 b4 39. cxb4 cxb4 40. Nc4 Nd7 41. Rb3 Rb8 42. Ne3 Nc5 43.
Rb1 Ra8 44. Nd5 b3 45. Raa1 a2 46. Rb2 Ra4 47. Ne7+ Rxe7 48. Qxe7 Qf8 49. Qxe5 Rxe4 50. Qc3 Qg7 51. Rxb3 Nxb3 52. Qxg7+ Kxg7 53. Rxa2 Nd4 54. f3 Re2 55. Ra4 Ne6 56. Kf1 Rb2 57. Kg1 Kf6 58.
Kh2 Kg5 59. Kg3 f5 60. Rc4 Rd2 61. Ra4 Rd4 62. Ra5 Nf4 63. Ra2 Rd1 64. Kf2 Rb1 65.
g3 Rb2+ 66. Rxb2 Nd3+ 67. Ke3 Nxb2 68. Kd4 Nd1 69. Ke5 Nf2 70. Ke6 Nh1 71. f4+ Kg4 72. Kf6 Nxg3 73. Kxg6 Kxf4 0-1

[Event "Late-Titled-Tuesday-Blitz-February-27-2024"]
[Site "Chess.com"]
[Date "2024.02.27"]
[Round "1"]
[White "MITerryble"]
[Black "JackRodgers"]
[Result "1-0"]
[WhiteElo "3016"]
[BlackElo "2509"]
[TimeControl "180+1"]
[EndTime "14:08:27 PST"]
[Termination "MITerryble won by checkmate"]

1. Nf3 c5 2. g3 g6 3. Bg2 Bg7 4. O-O Nf6 5. d3 O-O 6. e4 d6 7.
Nbd2 Nc6 8. Re1 Bg4 9. h3 Bxf3 10. Nxf3 Rc8 11. a4 a6 12. c3 b5 13. axb5 axb5 14. Bg5 b4 15. Qd2 bxc3 16. bxc3 Re8 17. Ra6 Nb8 18. Ra3 Nc6 19. Rea1 Qb6 20. Qc2 h6 21. Be3 Qc7 22. Nd2 Nd7 23. Kh2 Nb6 24. h4 Ra8 25. f4 Rxa3 26. Rxa3 Rb8 27. h5 Nd7 28. hxg6 fxg6 29. d4 cxd4 30. cxd4 Qb6 31. e5 Nb4 32. Qxg6 Nf8 33. Qb1 Qd8 34. Rb3 Na6 35.
Rxb8 Nxb8 36. Nf3 Nbd7 37. Nh4 Qb6 38. Qd3 Qb2 39. Nf5 Kf7 40. Qd1 dxe5 41. dxe5 e6 42. Qh5+ Kg8 43. Nxh6+ Bxh6 44. Qxh6 Qc2 45. Qg5+ Qg6 46.
Qxg6+ Nxg6 47. Be4 Ngf8 48. Kh3 Kf7 49. Kg4 Nb8 50. Kh5 Na6 51. g4 Nb4 52. Bc5 Na6 53. Bd6 Nd7 54. g5 Nac5 55. Bc6 Kg7 56. Kg4 Kf7 57.
Kf3 Ke8 58. Bxc5 Kf7 59. Bxd7 Kg6 60. Bxe6 Kh7 61. Kg4 Kg7 62. f5 Kh7 63. f6 Kg6 64. Bf5+ Kf7 65. e6+ Kg8 66. f7+ Kg7 67. f8=Q# 1-0

[Event "Late-Titled-Tuesday-Blitz-February-27-2024"]
[Site "Chess.com"]
[Date "2024.02.27"]
[Round "1"]
[White "giovannibrandao7"]
[Black "RandomNoob04"]
[Result "1-0"]
[WhiteElo "2233"]
[BlackElo "2571"]
[TimeControl "180+1"]
[EndTime "14:08:27 PST"]
[Termination "giovannibrandao7 won by resignation"]

1. e4 e5 2. Nf3 Nf6 3. d4 Nxe4 4.
Bd3 d5 5. Nxe5 Nd7 6. Nxd7 Bxd7 7. O-O Bd6 8. Nd2 O-O 9. h3 Re8 10. c4 Qh4 11. Nf3 Qh5 12. c5 Bf8 13. Ne5 Qxd1 14.
Rxd1 Nxc5 15. a3 Nxd3 16. Nxd7 Rad8 17. Nxf8 Nxc1 18. Raxc1 Kxf8 19. Rxc7 Re7 20. Rdc1 f6 21.
Kf1 Rde8 22. f3 Kf7 23. Rxe7+ Rxe7 24. Kf2 Ke6 25. g4 Kd6 26. Rc8 g6 27. h4 Kd7 28.
Rf8 Ke6 29. Kg3 Rc7 30. Rh8 b6 31. Re8+ Kf7 32. Rh8 Kg7 33. Ra8 h5 34. Rd8 hxg4 35.
Kxg4 Rc2 36. Rxd5 Rxb2 37. Rd7+ Kh6 38. Rxa7 Rd2 39. Rd7 Rd3 40. Rd6 f5+ 41. Kg3 Rxa3 42. Rxb6 Rd3 43. Rd6 Kh5 44. Rd8 Kh6 45. d5 Rd4 46. d6 Kg7 47. d7 Rd1 48. Kf4 Rd5 49. Kg5 Rd4 50. f4 Rd1 51. h5 Rg1+ 52. Kh4 Rh1+ 53.
Kg3 Rd1 54. hxg6 Rd4 55. Kh4 Rxf4+ 56. Kg5 Rd4 57. Kxf5 Rd5+ 58. Ke6 Rd1 59. Re8 Re1+ 60. Kd6 Rd1+ 61. Kc6 Rc1+ 62. Kb5 Rd1 63. d8=Q Rxd8 64. Rxd8 Kxg6 65. Rd5 Kf6 66. Kc6 Ke6 67. Rd4 Ke7 68.
Re4+ Kf6 69. Kd5 Kf5 70. Rd4 Kf6 71. Rf4+ Kg5 72. Ke5 Kg6 73. Rf5 Kg7 74. Rf6 Kg8 75. Kf5 Kg7 76. Kg5 Kg8 77. Kg6 1-0

[Event "Late-Titled-Tuesday-Blitz-February-27-2024"]
[Site "Chess.com"]
[Date "2024.02.27"]
[Round "1"]
[White "katharinareinecke"]
[Black "guillembaches"]
[Result "0-1"]
[WhiteElo "2011"]
[BlackElo "2535"]
[TimeControl "180+1"]
[EndTime "14:08:27 PST"]
[Termination "guillembaches won by resignation"]

1. e4 d5 2. exd5 Qxd5 3. Nc3 Qa5 4. d3 Nf6 5. Bd2 c6 6. g3 Bg4 7. f3 Bh5 8. Bg2 e6 9. Nge2 Qb6 10. Nf4 Bg6 11.
Qe2 Nbd7 12. b3 Bb4 13. a3 Bd6 14. Be3 Qa5 15. Qd2 O-O 16. O-O e5 17. Nxg6 hxg6 18. b4 Qc7 19. Ne4 Be7 20. Rae1 Nd5 21. Bg5 f6 22. Be3 Nxe3 23. Qxe3 a5 24. c3 axb4 25. axb4 Rad8 26. f4 Rfe8 27. fxe5 Nxe5 28. Rd1 Bf8 29. Qf4 Bd6 30. Qh4 Be7 31. Qh3 Qd7 32. Qxd7 Rxd7 33. d4 Nc4 34. Nc5 Bxc5 35. bxc5 Re3 36. Rde1 Rde7 37.
Rxe3 Nxe3 38. Re1 Kf7 39. Kf2 Ng4+ 40. Kf1 Nxh2+ 41. Kf2 Ng4+ 42. Kf1 Ne3+ 43. Kf2 Nxg2 44. Rxe7+ Kxe7 45. Kxg2 Ke6 46. Kf3 g5 47. c4 g6 48.
Ke4 f5+ 49. Ke3 Kf6 50. Kf3 g4+ 51. Kf4 g5+ 52. Ke3 Ke6 53. Kd3 f4 54. gxf4 gxf4 55.
Ke4 g3 56. d5+ cxd5+ 57. cxd5+ Kf6 58. c6 bxc6 59. dxc6 Ke6 60. Kxf4 g2 61. c7 Kd7 62.
Kf3 g1=Q 63. c8=Q+ Kxc8 0-1

[Event "Late-Titled-Tuesday-Blitz-February-27-2024"]
[Site "Chess.com"]
[Date "2024.02.27"]
[Round "1"]
[White "Kleyton_Lima"]
[Black "vi_pranav"]
[Result "0-1"]
[WhiteElo "2525"]
[BlackElo "3113"]
[TimeControl "180+1"]
[EndTime "14:08:28 PST"]
[Termination "vi_pranav won by resignation"]

1. e4 e5 2. Nf3 Nc6 3. d4 exd4 4.
Nxd4 Nf6 5. Nxc6 bxc6 6. Nd2 Be7 7. Bd3 O-O 8. O-O d6 9. b3 Ng4 10. Bb2 Bf6 11. Bxf6 Qxf6 12. h3 Ne5 13. Nc4 Ng6 14. Re1 Nf4 15. Bf1 Re8 16. Kh2 a5 17. Qf3 Qh6 18.
Rad1 a4 19. Ne3 axb3 20. axb3 Ng6 21. Nf5 Qg5 22. Bc4 Ne5 23. Qe3 Qf6 24. Bf1 Bxf5 25. exf5 Ng4+ 26. hxg4 Rxe3 27. Rxe3 h6 28. Kg1 d5 29.
Bd3 Qg5 30. Rde1 Kf8 31. f3 Qf4 32. Kf2 Qd6 33. g3 c5 34. f4 c6 35. Be2 Re8 36. Rxe8+ Kxe8 37. Bf3+ Kd8 38. Re5 c4 39.
bxc4 Qc5+ 40. Kg2 Qxc4 41. Re2 Kd7 42. g5 hxg5 43. fxg5 f6 44. gxf6 gxf6 45. Kf2 Qd4+ 46. Kg2 Kc7 47. g4 Kb6 48. Kg3 Kc5 49. Rf2 Qe5+ 50.
Kg2 Kd4 51. Be2 Qe3 52. Bd3 c5 53. Kf1 c4 54. Be2 Qc1+ 55. Kg2 Qe1 56. g5 Ke3 57.
Rf3+ Kxe2 58. gxf6 Qh4 59. Rg3 Qe4+ 60. Kh3 Qxf5+ 61.
Kh4 Qxf6+ 62. Kh3 Qh6+ 63. Kg2 0-1

[Event "Late-Titled-Tuesday-Blitz-February-27-2024"]
[Site "Chess.com"]
[Date "2024.02.27"]
[Round "1"]
[White "IM_Tissir"]
[Black "rasmussvane"]
[Result "0-1"]
[WhiteElo "2501"]
[BlackElo "2940"]
[TimeControl "180+1"]
[EndTime "14:08:30 PST"]
[Termination "rasmussvane won by resignation"]

1. e4 c6 2. d4 d5 3. Nc3 dxe4 4. Nxe4 Nf6 5. Nxf6+ exf6 6. c3 Bd6 7. Bd3 O-O 8. Ne2 Re8 9. Qc2 h6 10. O-O Qc7 11.
Ng3 Nd7 12. Bd2 Nf8 13. Rae1 Bd7 14. Qd1 Bf4 15. Be3 Rad8 16. Qf3 Bxe3 17. fxe3 Ne6 18. h4 Nf8 19. Bf5 Qd6 20. e4 g6 21. Bxd7 Nxd7 22.
e5 Qe6 23. exf6 Qxe1 24. Rxe1 Rxe1+ 25. Kh2 Re6 26. Ne4 Rde8 27. Nc5 Rxf6 28. Qg4 Nxc5 29. dxc5 Rf5 30. b4 h5 31. Qd4 Rd5 32. Qf2 Re4 33.
Qf6 Rd3 34. a4 Re6 35. Qf4 Re7 36. c4 Red7 37. b5 R3d4 38. Qf6 Rxc4 39. bxc6 bxc6 40.
Qxc6 Rd2 41. Qe8+ Kg7 42. Qe5+ Kh7 43. Qe7 Rf2 44. Kg3 Rf5 45. Qxa7 Rcxc5 46. a5 Rxa5 47.
Qe7 Ra4 48. Kh3 Raf4 49. g3 Rf3 50. Qf8 Rd3 51. Kg2 Rd7 52. Kh3 Rc7 53. Kh2 Rf6 54. Kh3 Re6 55. Kh2 Rce7 56. Kh3 Rd7 57. Kh2 Re5 58.
Kh3 Re2 59. Qc5 Rdd2 60. g4 Rd3+ 0-1